 Dungeon Crawl Stone Soup version 0.31-a0-691-g409c26aa35 (webtiles) character file.

Game seed: 2825360464568542848

43 qw the Shooter (level 3, -3/22 HPs)
             Began as a Gargoyle Hunter on Sept 6, 2023.
             Slain by Natasha (6 damage)
             ... on level 2 of the Dungeon.
             The game lasted 00:00:22 (824 turns).

qw the Shooter (Gargoyle Hunter)                     Turns: 824, Time: 00:00:23

Health: -3/22      AC:  6    Str: 14    XL:     3   Next: 58%
Magic:  3/3        EV: 11    Int:  9    God:
Gold:   93         SH:  0    Dex: 15    Spells: 2/2 levels left

rFire   . . .        Y - +0 shortbow
rCold   . . .        (shield currently unavailable)
rNeg    + . .        c - +0 leather armour
rPois   inf          (no helmet)
rElec   +            (no cloak)
rCorr   .            (no gloves)
SInv    .            (no boots)
Will    .....        (no amulet)
Stlth   ++           (no ring)
HPRegen 0.23/turn    (no ring)
MPRegen 0.08/turn

%: no passive effects
@: slowed, very slow
A: sickness immunity, AC +3, negative energy resistance 1, electricity
resistance, torment resistance 1, petrification resistance
a: no special abilities


You were on level 2 of the Dungeon.
You visited 1 branch of the dungeon, and saw 2 of its levels.

You collected 93 gold pieces.


Innate Abilities, Weirdness & Mutations

You are immune to sickness and miasma.
Your stone body is resilient. (AC +3)
You are immune to poison.
You resist negative energy. (rN+)
You are resistant to electric shocks. (rElec)
You are resistant to unholy torment.
You are immune to petrification.


   Skills:
 + Level 2.6 Fighting
 - Level 5.0 Ranged Weapons
 - Level 1.5 Dodging
 - Level 1.1 Stealth


You had 2 spell levels left.
You didn't know any spells.
Your spell library was empty.

Inventory:

Hand Weapons
 Y - a +0 shortbow (weapon)
Armour
 c - a +0 leather armour (worn)
 d - a +1 pair of boots
Scrolls
 b - a scroll of identify
 e - a scroll of torment {unknown}
Potions
 a - a potion of enlightenment {unknown}
 f - a potion of haste {unknown}
 g - a potion of degeneration {unknown}
 i - a potion of berserk rage {unknown}

Dungeon Overview and Level Annotations

Branches:
Dungeon (2/15)

Altars:
Hepliaklqana

Annotations:
D:2 Natasha, Robin


Message History

You shoot an arrow. The arrow closely misses the hobgoblin.
The arrow hits Robin but does no damage.
Robin throws the goblin at you! The goblin barely misses you.
The goblin hits you but does no damage.
You shoot an arrow. The arrow barely misses the goblin.
The goblin hits you but does no damage. The goblin hits you with a +0 dagger.
A hobgoblin comes into view.
The hobgoblin barely misses you.
You shoot an arrow. The arrow hits the goblin.
The goblin is heavily wounded.
The goblin hits you with a +0 club. The goblin hits you but does no damage.
The hobgoblin barely misses you.
You shoot an arrow. The arrow hits the goblin.
You kill the goblin!
The goblin hits you with a +0 dagger. The goblin barely misses you.
The hobgoblin barely misses you.
You shoot an arrow. The arrow hits the hobgoblin.
The hobgoblin is heavily wounded.
The goblin hits you with a +0 dagger. The hobgoblin misses you.
You shoot an arrow. The arrow hits the hobgoblin.
You kill the hobgoblin!
The goblin hits you with a +0 dagger. Natasha barely misses you.
You shoot an arrow.
The arrow hits Natasha but does no damage.
Robin roars a battlecry!
The goblin barely misses you.
Natasha stares at you and mumbles some strange words.
You feel yourself slow down.
You shoot an arrow. The arrow hits Natasha!
Natasha is heavily wounded.
The goblin no longer looks unusually strong.
The goblin hits you but does no damage. Natasha claws you but does no damage.
The goblin closely misses you. Natasha claws you.
You shoot an arrow. The arrow barely misses Natasha.
The arrow barely misses Robin.
Robin roars a battlecry!
The goblin goes into a battle-frenzy!
The goblin misses you. Natasha claws you.
You die...
Natasha begins licking her fur clean.

## ). ###### .
.....# # #K .....#
.#..#g### .....+
#_####hg# .....#
#@# .....# #)#
.^...# #.# .....#
#.#
.....###########.#
.................#
##################


You could see Robin, Natasha, a goblin (strong) and a kobold.

Vanquished Creatures
  An adder (D:2)
  A worm (D:2)
  A dart slug (D:2)
  3 bats
  2 endoplasms
  6 goblins
  2 hobgoblins (D:2)
  A quokka (D:1)
  3 ball pythons
  5 kobolds
  2 rats
27 creatures vanquished.

Notes
Turn   | Place    | Note
-------+----------+-------------------------------------------
     0 | D:1      | qw the Gargoyle Hunter began the quest for the Orb.
     0 | D:1      | Reached XP level 1. HP: 12/12 MP: 1/1
     0 | D:1      | 0 ||| qw: Version: 0.3-a-76-g4403597
     0 | D:1      | 0 ||| qw: Game counter: 5
     0 | D:1      | 0 ||| qw: Melee chars always use a shield: true
     0 | D:1      | 0 ||| qw: God list: Okawaru
     0 | D:1      | 0 ||| qw: Allow faded altars: false
     0 | D:1      | 0 ||| qw: Do Orc after clearing Dungeon:15 true
     0 | D:1      | 0 ||| qw: Do second Lair branch before Depths: true
     0 | D:1      | 0 ||| qw: Lair rune preference: random
     0 | D:1      | 0 ||| qw: Goals: Normal
     0 | D:1      | 0 ||| PLANNING D:1-11
   329 | D:1      | Reached XP level 2. HP: 17/17 MP: 2/2
   399 | D:1      | 399 ||| DROPPING +6 ring of intelligence.
   400 | D:1      | 400 ||| READING scroll labelled XEUNUEW OGIF.
   401 | D:1      | 401 ||| READING scroll labelled QOGYUS ONUZUR.
   402 | D:1      | 402 ||| READING scroll labelled MAUSAD ACUPPE.
   403 | D:1      | 403 ||| DROPPING scroll of butterflies.
   430 | D:2      | Identified the +9 whip "Zoph" {heavy, rPois rC++ Dex-5
                  | Stlth+}
   611 | D:2      | Reached skill level 5 in Ranged Weapons
   611 | D:2      | Reached XP level 3. HP: 21/21 MP: 3/3
   613 | D:2      | Found a hazy altar of Hepliaklqana.
   809 | D:2      | Found a faded altar of an unknown god.
   810 | D:2      | Noticed Robin
   812 | D:2      | Noticed Natasha
   821 | D:2      | HP: 4/22 [goblin/+0 dagger[Robin] (3)]
   824 | D:2      | Slain by Natasha

Levels and vault maps discovered:
D:1:      elethiomel_arrival_shortcut, layout_basic
D:2:      layout_rooms, basic_altar, shapermc_ecumenical_altar_notcrosses,
          minmay_tetromino_s4, uniq_terence, uniq_natasha, uniq_robin

Skill      XL: |  1  2 |
---------------+-------+-----
Ranged Weapons | 5 |  5.0
Fighting       | |  2.6
Dodging        | |  1.5
Stealth        | |  1.1

Action                     || total
---------------------------++-------
   Fire: Shortbow          ||    88
    Use: Scroll            ||     3
 Armour: Leather armour    ||    34
  Dodge: Dodged            ||    27

Table legend:
 A = Non-vault XP
 B = Vault XP
 C = Vault XP percentage of total XP
 D = Non-vault monster count
 E = Vault monster count
 F = Vault count percentage of total count
                 A         B        C        D         E       F
            +---------+---------+-------+---------+---------+-------
      Total |      50 |      12 |  19.4 |      21 |       6 |  22.2
            +---------+---------+-------+---------+---------+-------
        D:1 |      11 |       0 |   0.0 |       7 |       0 |   0.0
        D:2 |      39 |      12 |  23.5 |      14 |       6 |  30.0
            +---------+---------+-------+---------+---------+-------
